 Dungeon Crawl Stone Soup version 0.32-a0-928-g1cae6b7ea0 (webtiles) character file.

Game seed: 1603176703169512385

57 KennySheep the Sneak (level 3, -1/21 HPs)
             Began as a Deep Elf Brigand on Apr 12, 2024.
             Was an Initiate of Gozag.
             Constricted to death by a ball python (2 damage)
             ... on level 3 of the Dungeon.
             The game lasted 00:08:22 (2170 turns).

KennySheep the Sneak (Deep Elf Brigand)             Turns: 2170, Time: 00:08:22

Health: -1/21      AC:  6    Str:  8    XL:     3   Next: 73%
Magic:  5/5        EV:  1    Int: 15    God:    Gozag
Gold:   170        SH:  0    Dex: 18    Spells: 2/2 levels left

rFire   . . .        a - +2 dagger
rCold   . . .        (no shield)
rNeg    . . .        b - +0 robe
rPois   .            g - +2 hat
rElec   .            c - +1 cloak
rCorr   .            (no gloves)
SInv    .            (no boots)
Will    .....        (no amulet)
Stlth   +++          (no ring)
HPRegen 0.23/turn    (no ring)
MPRegen 0.09/turn

%: no passive effects
@: constricted
A: no striking features
a: Renounce Religion, Potion Petition, Call Merchant, Bribe Branch


You were on level 3 of the Dungeon.
You worshipped Gozag.
Gozag was aware of your devotion.
You visited 1 branch of the dungeon, and saw 3 of its levels.

You collected 170 gold pieces.

Inventory:

Hand Weapons
 a - a +2 dagger (weapon)
Missiles
 d - 9 poisoned darts (quivered)
 e - 3 curare-tipped darts
Armour
 b - a +0 robe (worn)
 c - a +1 cloak (worn)
 g - a +2 hat (worn)
Wands
 p - a wand of mindburst (18)
Scrolls
 h - a scroll of poison
 i - a scroll of enchant weapon {unknown}
 j - 2 scrolls of silence
 m - a scroll of noise
 n - a scroll of identify {unknown}
 o - a scroll of torment {unknown}
 q - 2 scrolls of enchant armour
Potions
 k - a potion of attraction
 l - a potion of lignification


   Skills:
 + Level 2.0 Fighting
 + Level 2.4 Short Blades
 + Level 2.5 Throwing
 + Level 2.2 Dodging
 + Level 5.3 Stealth


You had 2 spell levels left.
You didn't know any spells.
Your spell library contained the following spells:

 Spells                   Type           Power      Damage    Failure   Level
 Magic Dart               Conj           0%         1d3       26%         1
 Searing Ray              Conj           0%         2d4       38%         2
 Fulminant Prism          Conj/Alch      0%         3d5       95%         4


Dungeon Overview and Level Annotations

Branches:
Dungeon (3/15)

Altars:
Gozag


Message History

The frilled lizard bites you.
The ribbon worm expels a string of sticky webbing.
The stream of webbing hits you but does no damage.
You are caught in a web!
The ball python bites you but does no damage.
The ball python constricts you.
The web tears apart.
The frilled lizard bites you but does no damage.
The ball python bites you but does no damage.
The ball python constricts you. The ribbon worm barely misses you.
You hit the ribbon worm.
The ribbon worm is severely wounded.
The frilled lizard bites you but does no damage.
The ball python bites you but does no damage.
The ball python constricts you. The ribbon worm bites you.
* * * LOW HITPOINT WARNING * * *
You hit the ribbon worm.
The ribbon worm is almost dead.
The ball python bites you.
* * * LOW HITPOINT WARNING * * *
The ball python constricts you.
The frilled lizard bites you but does no damage.
You escape the ball python's grasp.
A frilled lizard comes into view.
The ball python attacks as it pursues you!
The ball python bites you but does no damage.
The ball python closely misses you.
The frilled lizard attacks as it pursues you!
The frilled lizard bites you.
* * * LOW HITPOINT WARNING * * *
The ball python attacks as it pursues you!
The ball python bites you but does no damage.
The ball python grabs you. The ball python constricts you.
* * * LOW HITPOINT WARNING * * *
The ribbon worm attacks as it pursues you!
The ribbon worm bites you but does no damage.
The ball python bites you but does no damage.
The ball python constricts you.
You die...
Your body crumbles into a pile of gold.

### ######
.. ..##.#..
#.##.#. #
#.##l'
....###.##.#
#....<.#.#
.........w>#
........lS@#
##.#####.#.#
# .......
###.#.###
#.#.# #.#.#
#.#.# ..#


You could see a ribbon worm, a ball python and 2 frilled lizards.

Vanquished Creatures
  An adder (D:3)
  A gnoll (D:3)
  A dart slug (D:2)
  5 ball pythons (D:2)
  2 bats (D:1)
  2 endoplasms
  4 goblins
  7 hobgoblins
  3 jackals (D:1)
  2 frilled lizards
  A kobold (D:1)
  4 rats
33 creatures vanquished.

Notes
Turn   | Place    | Note
-------+----------+-------------------------------------------
     0 | D:1      | KennySheep the Deep Elf Brigand began the quest for the
                  | Orb.
     0 | D:1      | Reached XP level 1. HP: 12/12 MP: 3/3
   387 | D:1      | Reached skill level 5 in Stealth
   387 | D:1      | Reached XP level 2. HP: 17/17 MP: 4/4
  1277 | D:2      | Reached XP level 3. HP: 19/21 MP: 5/5
  1436 | D:2      | Found a faded altar of an unknown god.
  1489 | D:2      | Prayed at the altar of an unknown god.
  1489 | D:2      | Became a worshipper of Gozag Ym Sagoz the Greedy
  2170 | D:3      | HP: 1/21 [constriction (2)]
  2170 | D:3      | Constricted to death by a ball python

Illustrated notes

Levels and vault maps discovered:
D:1:      co_arrival_random_square_maze, layout_loops_corners, amethyst_killhole
D:2:      layout_loops_corners, basic_ecumenical_altar
D:3:      cheibrodos_old_hovel, layout_basic, overflow_temple_1_default,
          serial_shops, shop

Skill      XL: |  1  2  3 |
---------------+----------+-----
Stealth        | 5 |  5.3
Dodging        | 2 |  2.2
Fighting       | 2 |  2.0
Short Blades   | |  2.4
Throwing       | |  2.5

Action                     || total
---------------------------++-------
  Melee: Dagger            ||   103
    Use: Scroll            ||     4
         Potion            ||     4
   Stab: Sleeping          ||    11
 Armour: Robe              ||    87
         Skin              ||     2
  Dodge: Dodged            ||    58

Table legend: (Time is in decaauts)
 A = Elapsed time spent in this place.
 B = Non-inter-level travel time spent in this place.
 C = Inter-level travel time spent in this place.
 D = Time resting spent in this place.
 E = Time spent auto-exploring this place.
 F = Levels seen in this place.
 G = Mean time per level.
                   A        B        C        D        E       F      G
               +--------+--------+--------+--------+--------+-----+--------+
         Total |   2164 |   2069 |     95 |     97 |   1665 |   3 |  721.3 |
       Dungeon |   2164 |   2069 |     95 |     97 |   1665 |   3 |  721.3 |
               +--------+--------+--------+--------+--------+-----+--------+

Top non-repeatable levels by time:
     D:1: 1030 daAuts
     D:2: 992 daAuts
     D:3: 141 daAuts
